 Dungeon Crawl Stone Soup version 0.27-a0-223-ge082b6e869 (webtiles) character file.

Game seed: 15819691278293167986

4 iamserjio the Skirmisher (level 1, -8/21 HPs)
             Began as a Naga Fighter on Feb 1, 2021.
             Mangled by an iguana (14 damage)
             ... on level 2 of the Dungeon.
             The game lasted 00:00:48 (112 turns).

iamserjio the Skirmisher (Naga Fighter)              Turns: 112, Time: 00:00:48

Health: -8/21      AC:  3    Str: 18    XL:     1   Next: 60%
Magic:  1/1        EV:  5    Int:  8    God:
Gold:   59         SH:  8    Dex: 10    Spells: 0/0 levels left

rFire    . . .     SeeInvis +   a - +0 war axe
rCold    . . .     Faith    .   c - +0 kite shield
rNeg     . . .     Spirit   .   b - +0 scale mail
rPois    +         Reflect  .   (no helmet)
rElec    .         Harm     .   (no cloak)
rCorr    .         Rampage  .   (no gloves)
Will     .....                  (no barding)
Stlth    ..........             (no amulet)
HPRegen  0.07/turn              (no ring)
MPRegen  0.07/turn              (no ring)

@: mighty, very slow
A: large, see invisible, deformed body, poison resistance, slowness 2, spit
poison 1, AC +0
a: Spit Poison


You were on level 2 of the Dungeon.
You visited 1 branch of the dungeon, and saw 4 of its levels.

You collected 59 gold pieces.

Inventory:

Hand Weapons
 a - a +0 war axe (weapon)
Missiles
 f - 20 poisoned darts
Armour
 b - a +0 scale mail (worn)
 c - a +0 kite shield (worn)
 h - a +0 plate armour
Scrolls
 g - a scroll of noise {unknown}
 i - a scroll of teleportation {unknown}
Potions
 e - a potion of lignification {unknown}
 j - 2 potions of berserk rage {unknown}
 k - a potion of resistance {unknown}


   Skills:
 + Level 3.0 Fighting
 * Level 2.2 Axes
 - Level 2.4 Armour
 + Level 2.4 Shields


You couldn't memorise any spells.
You didn't know any spells.
Your spell library was empty.

Dungeon Overview and Level Annotations

Branches:
Dungeon (4/15)
 Temple: D:4-7

Altars:


Innate Abilities, Weirdness & Mutations

You cannot wear boots.
Your serpentine skin is tough. (AC +0)
You have supernaturally acute eyesight. (SInv)
Armour fits poorly on your strangely shaped body.
Your system is resistant to poisons. (rPois)
You cover ground very slowly.
You can spit poison.


Message History

You climb downwards.
Found a stone staircase leading down.
There is a stone staircase leading up here.
There is a stone staircase leading down here.
You climb downwards.
Found a stone staircase leading down.
There is a stone staircase leading up here.
There is a stone staircase leading up here.
You climb upwards.
There is a stone staircase leading down here.
There is a stone staircase leading up here.
You climb upwards.
There is a stone staircase leading down here.
An iguana comes into view.
You feel very mighty all of a sudden. The iguana bites you!
* * * LOW HITPOINT WARNING * * *
You hit the iguana. You block the iguana's attack. The iguana bites you!
Ouch! That really hurt!
You die...

#.....##.##..# .
##.#.##.#.##.# .
..###...#..# # #.
##.#.##.#.##.#
##.##.....##.##[.#
................###
#..........#.##.....
......l......# #.....
#......@...####......
#######..............
#..............
#..............
#..............
#..............
#......>..#.(.
###########


You could see an iguana.

Vanquished Creatures
  A goblin (D:2)
  A hobgoblin (D:1)
  2 frilled lizards (D:2)
4 creatures vanquished.

Notes
Turn   | Place    | Note
-------+----------+-------------------------------------------
     0 | D:1      | iamserjio the Naga Fighter began the quest for the Orb.
     0 | D:1      | Reached XP level 1. HP: 21/21 MP: 1/1
   108 | D:2      | Noticed an iguana
   112 | D:2      | Mangled by an iguana

Illustrated notes

Levels and vault maps discovered:
D:1:      eino_arrival_water_cross, layout_loops_corners
D:2:      layout_rooms, minmay_ruptured
D:3:      layout_loops_ring, chequers_ecumenical_altar_simple
D:4:      minmay_recursive_quarters, layout_cave_pools, lemuel_round_altar,
          gammafunk_ghost_necromancy

Action                   || total
-------------------------++-------
Melee: War axe           ||    14
 Abil: Spit Poison       ||     2
  Use: Potion            ||     1
Armor: Scale mail        ||     1
Dodge: Dodged            ||     5
Block: Kite shield       ||    10

Table legend: (Time is in decaauts)
 A = Elapsed time spent in this place.
 B = Non-inter-level travel time spent in this place.
 C = Inter-level travel time spent in this place.
 D = Time resting spent in this place.
 E = Time spent auto-exploring this place.
 F = Levels seen in this place.
 G = Mean time per level.
                   A        B        C        D        E       F      G
               +--------+--------+--------+--------+--------+-----+--------+
         Total |    149 |    149 |      0 |      0 |      0 |   4 |   37.2 |
       Dungeon |    149 |    149 |      0 |      0 |      0 |   4 |   37.2 |
               +--------+--------+--------+--------+--------+-----+--------+

Top non-repeatable levels by time:
     D:2: 90 daAuts
     D:1: 44 daAuts
     D:3: 9 daAuts
     D:4: 4 daAuts
